Cogmind - Beta 16 @@@ ROGUE MODE // 2025.12.05 @ 17:16:43 Player: Jiber Result: Destroyed by 72-85W(R) with Subdweller Laser Performance ------------- Evolutions (0) 0 Regions Visited (2) 400 Robots Destroyed (6) 30 Value Destroyed (174) 174 Prototype IDs (0) 0 Alien Tech Used (0) 0 Bonus (0) 0 TOTAL SCORE: 604 Bonus ------- None Cogmind --------- Core Integrity 0/250 Matter 300/300 Energy 98/100 System Corruption 0% Temperature Cool (6) Movement Core (50) Location -10/Subcaves Parts ------- > --- POWER (1) -------- (None) > --- PROPULSION (2) --- (None) > --- UTILITY (2) ------ Improved Terrain Scanner > --- WEAPON (2) ------- (None) > --- INVENTORY (5) ---- Small Storage Unit Peak State ------------ > --- POWER ------------ Ion Engine > --- PROPULSION ------- Aluminum Leg Aluminum Leg > --- UTILITY ---------- Small Storage Unit Improved Terrain Scanner > --- WEAPON ----------- Small Laser Light Assault Rifle > --- INVENTORY -------- Light Ion Engine [Rating: 9] Favorites ----------- Power Ion Engine Engine Ion Engine Propulsion Aluminum Leg Leg Aluminum Leg Utility Improved Terrain Scanner Device Improved Terrain Scanner Storage Large Storage Unit Weapon Small Laser Energy Gun Small Laser Ballistic Gun Light Assault Rifle Build | -11 -10 -10 ------- Run | Yrd Mat Sub Slots Evolved . | . . . Power . | . . . Propulsion . | . . . Utility . | . . . Weapon . | . . . Parts Attached 9 | 7 1 1 Power 2 | 1 . 1 Engine 2 | 1 . 1 Core . | . . . Reactor . | . . . Propulsion 2 | 2 . . Treads . | . . . Leg 2 | 2 . . Wheel . | . . . Hover . | . . . Flight . | . . . Utility 3 | 2 1 . Device 1 | 1 . . Storage 2 | 1 1 . Processor . | . . . Hackware . | . . . Protection . | . . . Artifact . | . . . Weapon 2 | 2 . . Energy Gun 1 | 1 . . Energy Cannon . | . . . Ballistic Gun 1 | 1 . . Ballistic Cannon . | . . . Launcher . | . . . Special Weapon . | . . . Impact Weapon . | . . . Slashing Weapon . | . . . Piercing Weapon . | . . . Special Melee Weapon . | . . . Unidentified Prototypes . | . . . Parts Lost 6 | . . 6 Power 2 | . . 2 Propulsion 2 | . . 2 Utility . | . . . Weapon 2 | . . 2 Highest Loss Streak 3 | . . 3 To Critical Strikes . | . . . Average Backups 1 | . 1 1 Power . | . 1 . Propulsion . | . . . Utility . | . . 1 Weapon . | . . . Tool/Special . | . . . Unused Backups . | . . . Power . | . . . Propulsion . | . . . Utility . | . . . Weapon . | . . . Tool/Special . | . . . Average Slot Usage (%) 92 | . 100 87 Engine 11 | . 14 10 Leg 23 | . 28 20 Device 14 | . 14 14 Storage 14 | . 14 14 Energy Gun 13 | . 14 13 Ballistic Gun 13 | . 14 13 Peak Build Rating 9 | 9 9 9 Average Rating 7 | 4 9 8 On Entrance 6 | . 9 9 Avg Prop Armor Cover (%) . | . . . Naked Turns . | . . . Heaviest Build 28 | 13 28 28 Greatest Support 20 | 20 20 20 Greatest Overweight (x) 2 | . 1 2 Average Overweight (x) . | . . 1 Largest Inventory Capacity 15 | 8 15 15 Average Capacity 13 | 7 13 14 Most Carried 5 | 5 2 2 Average Carried 1 | . 1 1 Final Capacity 15 | 8 15 5 Final Carried 2 | 1 2 1 Class Distribution -------------------- 100% | Mutant Dominant Class ---------------- Mutant | -10/Materials Mutant | -10/Subcaves Resources | -11 -10 -10 ----------- Run | Yrd Mat Sub Matter Collected 305 | 264 29 12 Remotely . | . . . Salvage Created 294 | 86 107 101 Parts 9 | 3 3 3 Haulers Intercepted . | . . . Recyclers Shooed . | . . . Parts Field Recycled . | . . . Retrieved Matter . | . . . Parts Self-Destructed 2 | . . 2 Prevented . | . . . Parts Restored . | . . . Kills | -11 -10 -10 ------- Run | Yrd Mat Sub Combat Hostiles Destroyed 4 | . 2 2 Guns 4 | . 2 2 Classes Destroyed 4 | 2 1 1 Tunneler 1 | 1 . . Recycler 1 | 1 . . Grunt 2 | . 2 . Subdweller 2 | . . 2 Best Kill Streak 2 | 2 1 2 Combat Bots Only 2 | . 1 2 Max Kills in Single Turn 1 | 1 1 1 Gunslinging . | . . . Exploded . | . . . Melee . | . . . Uniques/NPCs Destroyed . | . . . Combat | -11 -10 -10 -------- Run | Yrd Mat Sub Hostile Shots Fired 49 | . 9 40 Missed 13 | . 2 11 Hits 36 | . 7 29 Projectile 36 | . 7 29 Critical Strikes 1 | . 1 . Damage Taken 761 | . 137 624 Core 250 | . 59 191 Absorbed by Shields . | . . . Core Remaining (%) 100 | 100 . . Volleys Fired 26 | 4 13 9 Largest 2 | 2 2 2 Hottest 60 | 60 60 60 Shots Fired 49 | 8 24 17 Gun 49 | 8 24 17 Cannon . | . . . Launcher . | . . . Special . | . . . Kinetic 26 | 4 13 9 Thermal 23 | 4 11 8 Explosive . | . . . Electromagnetic . | . . . Robot Hit Streak 13 | 3 6 13 Robot Miss Streak 2 | 2 2 1 Penetration Max . | . . . Secondary Targets . | . . . Shots Hit Robots 28 | 4 10 14 Core Hits 15 | 3 6 6 Critical Kills 1 | . 1 . Critical Parts Destroyed . | . . . Critical Strikes 1 | . 1 . Destroy 1 | . 1 . Melee Attacks . | . . . Impact . | . . . Slashing . | . . . Piercing . | . . . Sneak Attacks . | . . . Combat Hostiles . | . . . Follow-up Attacks . | . . . Damage Inflicted 269 | 39 102 128 Guns 269 | 39 102 128 Cannons . | . . . Explosions . | . . . Melee . | . . . Ramming . | . . . Kinetic 133 | 18 50 65 Thermal 136 | 21 52 63 Explosive . | . . . Electromagnetic . | . . . Impact . | . . . Slashing . | . . . Piercing . | . . . Highest Corruption . | . . . Average Corruption . | . . . Corruption Purged . | . . . Corruption Blocked . | . . . Overload Shots . | . . . Overflow Damage . | . . . Projectiles . | . . . Explosions . | . . . Melee . | . . . Knockbacks . | . . . Impact . | . . . Kinetic . | . . . Secondary . | . . . Self-Inflicted Damage . | . . . Shots . | . . . Rammed . | . . . Targets Rammed . | . . . Kicked . | . . . Crushed . | . . . Highest Temperature 103 | 20 103 . Average Temperature 37 | 15 42 . Received Heat Transfer 207 | . 81 126 Siege Activations . | . . . Martial Activations . | . . . Shielding Activations . | . . . Robots Disrupted . | . . . Combat Hostiles . | . . . Robots Corrupted . | . . . Combat Hostiles . | . . . Parts Fried . | . . . Impact Corruptions . | . . . Robots Melted . | . . . Combat Hostiles . | . . . Parts Melted . | . . . Heat Transferred 325 | 50 125 150 Parts Sabotaged . | . . . Parts Stolen . | . . . Parts Stripped . | . . . Power Chain Reactions . | . . . Alert | -11 -10 -10 ------- Run | Yrd Mat Sub Maximum Alert Level . | . . . Low Security (%) 100 | 100 100 . Level 1 . | . . . Level 2 . | . . . Level 3 . | . . . Level 4 . | . . . Level 5 . | . . . High Security . | . . . Max Security . | . . . Peak Influence 40 | 10 40 . Initial . | . . . Average 9 | . 12 . Influence Increases 74 | 10 64 . Destroy 0b10 Robot/C 40 | . 40 . Destroy 0b10 Robot/NC 10 | 10 . . Destroy Leader 10 | . 10 . Successful Hack 14 | . 14 . Influence Decreases 74 | 10 64 . Time Decay 74 | 10 64 . Squads Dispatched 1 | . 1 . Investigation . | . . . Extermination . | . . . Reinforcement 1 | . 1 . Assault . | . . . Garrison . | . . . Intercept . | . . . Searches Triggered . | . . . Construction Impeded . | . . . Haulers Reinforced . | . . . Active Scanning Responses . | . . . Cargo Convoy Interrupts . | . . . Stealth | -11 -10 -10 --------- Run | Yrd Mat Sub Distress Signals . | . . . Communications Jammed . | . . . Distress Signals . | . . . Times Spotted 8 | . 3 5 Peak Tracking Total 3 | . 2 3 Tactical Retreats . | . . . Traps | -11 -10 -10 ------- Run | Yrd Mat Sub Traps Triggered 1 | . 1 . Indirectly . | . . . Trap Hack Attempts . | . . . Triggered . | . . . Disarmed . | . . . Reprogrammed . | . . . Reused . | . . . Traps Extracted . | . . . Installed . | . . . Triggered . | . . . Machines | -11 -10 -10 ---------- Run | Yrd Mat Sub Machines Disabled . | . . . Max in Single Turn . | . . . Machines Repaired . | . . . Machines Dismantled . | . . . Machines Sabotaged . | . . . Overloaded Fab Kills . | . . . Hacking | -11 -10 -10 --------- Run | Yrd Mat Sub Machines Accessed 2 | . 2 . Terminals 2 | . 2 . Fabricators . | . . . Repair Stations . | . . . Recycling Units . | . . . Scanalyzers . | . . . Garrison Access . | . . . Total Hacks 4 | . 4 . Successful 2 | . 2 . Failed 2 | . 2 . Catastrophic . | . . . Database Lockouts . | . . . Manual 3 | . 3 . Terminals 4 | . 4 . Fabricators . | . . . Repair Stations . | . . . Recycling Units . | . . . Scanalyzers . | . . . Garrison Access . | . . . Terminal Hacks 2 | . 2 . Branch Access Points 1 | . 1 . Hauler Manifests 1 | . 1 . Fabricator Hacks . | . . . Repair Station Hacks . | . . . Recycling Unit Hacks . | . . . Scanalyzer . | . . . Garrison Access Hacks . | . . . Unauthorized Hacks . | . . . Terminals . | . . . Fabricators . | . . . Repair Stations . | . . . Recycling Units . | . . . Scanalyzers . | . . . Garrison Access . | . . . Data Cores Recovered . | . . . Used . | . . . Hacking Detections 1 | . 1 . Full Trace Events . | . . . Feedback Events . | . . . Feedback Blocked . | . . . Robot Schematics Acquired . | . . . Robots Built . | . . . Authchips . | . . . Time . | . . . Total Robot Build Rating . | . . . Part Schematics Acquired . | . . . Parts Built . | . . . Authchips . | . . . Time . | . . . Total Part Build Rating . | . . . Part Studies Acquired . | . . . Parts Repaired . | . . . Time . | . . . Parts Recycled . | . . . Recycled Matter . | . . . Retrieved Matter . | . . . Retrieved Components . | . . . Parts Scanalyzed . | . . . Part Schematics Acquired . | . . . Parts Damaged . | . . . Bothacking | -11 -10 -10 ------------ Run | Yrd Mat Sub Used RIF Installer . | . . . Robots Hacked . | . . . Non-combat . | . . . Combat . | . . . Robot Hacks Applied . | . . . Relay Couplers Released . | . . . Fabnet Peak Effective % . | . . . Robots Rewired . | . . . Allies Hacked . | . . . Hacks Repelled . | . . . Allies | -11 -10 -10 -------- Run | Yrd Mat Sub Total Allies . | . . . Largest Group . | . . . Highest-Rated Group . | . . . Highest-Rated Ally . | . . . Total Orders . | . . . Ally Attacks . | . . . Total Damage . | . . . Kills . | . . . Allies Corrupted . | . . . Allies Melted . | . . . Intel | -11 -10 -10 ------- Run | Yrd Mat Sub Active Infowar (turns) 481 | 1 197 283 Terrain 481 | 1 197 283 Robot Analysis Total . | . . . Derelict Logs Recovered . | . . . Drone Launches . | . . . Drone Recoveries . | . . . Exploration | -11 -10 -10 ------------- Run | Yrd Mat Sub Turns Passed 554 | 74 197 283 Spaces Moved 268 | 50 100 118 Core 20 | 17 . 3 Treads . | . . . Legs 248 | 33 100 115 Wheels . | . . . Hover . | . . . Flight . | . . . Fastest Speed 50 | 50 120 50 Average Speed 174 | 96 162 217 Slowest Speed 260 | 120 190 260 Overloaded Moves . | . . . Propulsion Burnouts . | . . . Robots Hopped . | . . . Potential Cave-ins . | . . . Cave-ins Triggered . | . . . Exploration Rate (%) 11 | 4 22 8 Regions Visited 2 Branch Regions 1 Pre-discovered Areas . | . . . Known Exits Taken . | . . . Unknown Exits Taken 2 | 1 1 . Scrap Searched . | . . . Spaces Dug . | . . . Terrain Destroyed . | . . . Melee . | . . . Projectile . | . . . AOE . | . . . Terrain Rammed . | . . . Walls Destroyed . | . . . Machines Disabled . | . . . Actions | -11 -10 -10 --------- Run | Yrd Mat Sub Total 311 | 68 114 129 Wait . | . . . Move 266 | 49 99 118 Hop . | . . . Pick Up 9 | 8 1 . Fast Attach . | . . . Attach 8 | 7 . 1 Detach . | . . . Swap 1 | . 1 . Drop 1 | . . 1 Fire 26 | 4 13 9 Melee . | . . . Ram . | . . . Kick . | . . . Crush . | . . . Escape Stasis . | . . . Rewire . | . . . Trap . | . . . Miscellaneous . | . . . Route ------- -11/Scrapyard -10/Materials (discovered 2 exits: Min / [*Sub]) -10/Subcaves History --------- Turn | Location | Event 8 | -11/Scrapyard | Discovered new exit (range 15) 75 | -11/Scrapyard | Entered Materials 85 | -10/Materials | Identified exit to Mines 263 | -10/Materials | Discovered new exit (range 6) 272 | -10/Materials | Entered Subcaves 273 | -10/Subcaves | Approached by a straggling Scientist 316 | -10/Subcaves | Build established: Mutant 365 | -10/Subcaves | Core integrity fell below 50% 536 | -10/Subcaves | Core integrity fell below 20% 555 | -10/Subcaves | Destroyed by 72-85W(R) with Subdweller Laser Last Messages --------------- At least I think I can... The group I got separated from was talking about a shortcut back to the UFD." 8Q-0EE(c): "I think it's somewhere southwest of here" 00329_ 8Q-0EE(c) destroyed. 00365_ VR-WST(R) destroyed. 00366_ Ion Engine destroyed. 00368_ ZN-NSK(R) destroyed. 00371_ Acquired 7 matter. 00407_ Tech Extrapolator violently self-destructs. 00407_ Aluminum Leg destroyed. 00408_ Acquired 5 matter. 00506_ Lgt. Ion Engine destroyed. 00548_ Sml. Laser destroyed. 00549_ Lgt. Assault Rifle destroyed. 00550_ Dropped Lrg. Storage Unit. 00553_ Aluminum Leg destroyed. [Achievement: Back For More] Map ----- +----------------------------------------------------+ | | | | | | | ?????????????????????????????????????????????????? | | ?????????????????????????????????????????????????? | | ?????????????????????????????????????????????????? | | ??????????#??????????????????????????????????????? | | ?????????????????????????????????????????????????? | | ??????????????????#??????????????????????????????? | | ?#???????#????##?????????????????????????????????? | | ???##??????????????#?????????????????????????????? | | ???????#??????????????#??????????????????????????? | | #??????????????#??????????????#??????????????????? | | ?#?????????"? #??????#????????#?????????????????? | | ??#?????#?#### #?????????????????????????????????? | | ??????????? "???????#????????#?#???????????????? | | ?????????### ##???????????????#??????#???????????? | | ##??###?## " <#####?##?#??#??????????????????????? | | # ### ### R ##???#??????????????????#??????? | | # ## ##??????#?????????????????????? | | ####??#????????#####??????#??? | | # # ###????????## #?????????? | | ###### ##????##### #?????????? | | ### #?#?## "" #????# ##????????? | | ??## #???###"## R ####### ###### # # | | ?#?## #?#???#### R @ # # | | ???## #?#??#??## ! ##= | | ????## #???#????# ####% ## # # # | | ??????##????#???#" ##### # ###### #?????? | | ????????????# ??## ## ######?## | | ??????????## ##?## #### ###????# | | ????#?#???# #####?## #???? ### | | ???????? ? ##??## #??#### #??# ### | | ??????????? ##?# #?????# #??? ##?? | | ????? ?? ? #### ####????? ????##??? | | ????"?? ?????""""""## #???? ??? ????????? | | ?????"????#???#"""""" ## #???????? ##???????? | | ??#????????????# #### ##????????## #????????? | | ????????#?????## ##### #?#??? ?????##????????? | | ?????#???#???##&&* #??###??#???#?#????????????? | | ????????????##%&%### #???????#?????????????????? | | ????????????# !!#?## #??????? ????????????????? | | ?????????##?# #?? #????????????????????????? | | ?????????#??# #?? #????? ??????????????????? | | ??????????#?# #?? ##????????????????????????? | | ????????????## ##?? #?????????????????????????? | | ?????????????# ###??? #?????????????????????????? | | ?????????????###???#?####????????????????????????? | | ??????????????????????#??????????????????????????? | | ????#?????????????????#??????????????????????????? | +----------------------------------------------------+ Best States ------------- Heat Dissipation 25 Energy Generation 10 Energy Capacity 250 Matter Stores 300 Matter Capacity 300 Sight Range 16 Terrain Scan Range 16 Terrain Scan Density 10 Evasion (%) 50 Item Schematics ----------------- None Robot Schematics ------------------ None Fabricated ------------ Nothing Repaired ---------- Nothing Studied --------- None Alien Tech Used ----------------- None Achievements -------------- Back For More Challenges ------------ None Game ------ Seed LargeTrackerMantle Manual? 0 Play Time 00:05:24 Cumulative 38.1 hours Start 2025.12.05 @ 17:12:40 End 2025.12.05 @ 17:16:43 Sessions 1 Manual Loads 0 Difficulty Rogue Special Mode None Game No. 50 Rogue 50 Adventurer 0 Explorer 0 Win Type - Total 0 Types 0/0/0/0/0/0/0/0/0/0 Lore% 17 Gallery% 32 Achievement% 20 Wizard Run 0 Options --------- Layout 1 ASCII 0 Keyboard 0 Movement Mouse Keybinds 0 Fullscreen 2 Font 32/SmallcapsGlow Map View 50x35 Zoom Use 0% Tactical HUD 1 Map Filters NONE Filters NONE Steam 1 RUN: 22a6c1b0-533f-422e-9147-61ffe4a63294